 Dungeon Crawl Stone Soup version 0.32-a0-875-g23b751d0ae (webtiles) character file.

Game seed: 9213069451334357036

37 Kenran the Trooper (level 3, -3/31 HPs)
             Began as a Minotaur Alchemist on Mar 31, 2024.
             Killed from afar by Natasha (11 damage)
             ... with a magic dart
             ... on level 2 of the Dungeon.
             The game lasted 00:01:34 (544 turns).

Kenran the Trooper (Minotaur Alchemist)              Turns: 544, Time: 00:01:34

Health: -3/31      AC:  2    Str: 14    XL:     3   Next: 21%
Magic:  1/4        EV: 11    Int: 12    God:
Gold:   79         SH:  0    Dex: 10    Spells: 3/4 levels left

rFire   . .          .
                       - Unarmed
rCold   . . .        (no shield)
rNeg    . . .        a - +0 robe
rPois   .            (helmet restricted)
rElec   .            (no cloak)
rCorr   .            (no gloves)
SInv    .            (no boots)
Will    .....        (no amulet)
Stlth   ++           (no ring)
HPRegen 0.25/turn    (no ring)
MPRegen 0.09/turn

%: no passive effects
@: no status effects
A: horns 2, retaliatory headbutt
a: no special abilities


You were on level 2 of the Dungeon.
You visited 1 branch of the dungeon, and saw 2 of its levels.

You collected 79 gold pieces.

Inventory:

Armour
 a - a +0 robe (worn)
Potions
 b - a potion of magic
 d - a potion of curing {unknown}


   Skills:
 - Level 3.0 Fighting
 - Level 2.1 Dodging
 - Level 1.5 Stealth
 + Level 1.5 Unarmed Combat
 - Level 1.3 Spellcasting
 - Level 0.6 Conjurations
 - Level 2.1 Alchemy


You had 3 spell levels left.
You knew the following spells:

 Your Spells              Type           Power      Damage    Failure   Level
a - Sting                 Conj/Alch      16%        1d4       17%         1

Your spell library contained the following spells:

 Spells                   Type           Power      Damage    Failure   Level
 Mercury Vapours          Alch/Air       6%         N/A       28%         2
 Mephitic Cloud           Conj/Alch/Air  3%         N/A       52%         3
 Olgreb's Toxic Radiance  Alch           6%         N/A       75%         4
 Sticky Flame             Fire/Alch      3%         2d4       88%         4


Dungeon Overview and Level Annotations

Branches:
Dungeon (2/15)

Altars:

Shops:
D:2 =

Annotations:
D:2 Natasha


Innate Abilities, Weirdness & Mutations

You have a pair of horns on your head.
You reflexively headbutt those who attack you in melee.


Message History

Natasha casts a spell.
The cerulean imp misses you.
Found a stone staircase leading up.
Natasha hisses.
The cerulean imp hits you from afar with a +1 spear.
Found 10 gold pieces.
The cerulean imp hits you with a +2 spear.
The cerulean imp misses you. The gnoll attacks as it pursues you!
The gnoll hits you from afar with a +0 halberd!
The cerulean imp closely misses you.
The cerulean imp hits you from afar with a +1 spear.
The cerulean imp hits you from afar with a +1 spear.
* * * LOW HITPOINT WARNING * * *
Natasha claws you.
* * * LOW HITPOINT WARNING * * *
The cerulean imp hits you but does no damage.
You aren't carrying any scrolls.
It was a potion of heal wounds.
You feel much better. The cerulean imp barely misses you.
Natasha closely misses you. You furiously retaliate!
You headbutt Natasha! The cerulean imp barely misses you.
The cerulean imp closely misses you.
You kill the gnoll!
The cerulean imp attacks as it pursues you!
The cerulean imp barely misses you.
The cerulean imp hits you from afar with a +1 spear.
Your Unarmed Combat skill increases to level 1!
You have reached level 3!
Your experience leads to an increase in your attributes!
Increase (S)trength, (I)ntelligence, or (D)exterity?
You feel stronger. x2
The cerulean imp attacks as it pursues you!
The cerulean imp closely misses you.
Natasha stares at you and mumbles some strange words.
The magic dart hits you.
The cerulean imp hits you from afar with a +2 spear!
* * * LOW HITPOINT WARNING * * *
Natasha stares at you and mumbles some strange words.
The magic dart hits you!
You die...
Natasha begins licking her fur clean.

... ###..##.. ....
##.....
....##############....
...#.....#.....#<....
##........?...?.....
#....55g..g.....#..#
#.....h.)g......#..#
#.##..(..5.........#..#
#....<@................
####...............#...
#$..............##.#
##.............## .#
##.....#.....
####.###### .. #..


You could see Natasha, 3 gnolls and 3 cerulean imps.

Vanquished Creatures
  A gnoll (D:2)
  An endoplasm (D:1)
  4 giant cockroaches
  A goblin (D:1)
  2 jackals (D:1)
  6 kobolds
  A ball python (D:1)
  5 bats
  2 frilled lizards
  4 rats (D:1)
27 creatures vanquished.

Notes
Turn   | Place    | Note
-------+----------+-------------------------------------------
     0 | D:1      | Kenran the Minotaur Alchemist began the quest for the Orb.
     0 | D:1      | Reached XP level 1. HP: 14/14 MP: 1/1
    29 | D:1      | Reached skill level 1 in Fighting
   175 | D:1      | Reached skill level 2 in Fighting
   175 | D:1      | Reached XP level 2. HP: 24/24 MP: 0/3
   433 | D:1      | Reached skill level 3 in Fighting
   521 | D:2      | Found Niwkudwefus's Jewellery Boutique.
   532 | D:2      | Noticed Natasha
   543 | D:2      | Reached skill level 1 in Unarmed Combat
   543 | D:2      | Reached XP level 3. HP: 20/31 MP: 1/4
   544 | D:2      | Killed from afar by Natasha

Illustrated notes

Levels and vault maps discovered:
D:1:      dpeg_arrival_orchard, layout_rooms, nrook_loot_triangle
D:2:      layout_rooms, serial_shops, shop, shop, serial_undead,
          serial_undead_a, serial_undead_e, serial_undead_c, serial_undead_e,
          uniq_natasha, uniq_sigmund, uniq_robin

Skill      XL: |  1  2 |
---------------+-------+-----
Fighting       | 2 3 |  3.0
Unarmed Combat | 1 |  1.5
Dodging        | |  2.1
Stealth        | |  1.5
Spellcasting   | |  1.3
Conjurations   | |  0.6
Alchemy        | |  2.1

Action                     || total
---------------------------++-------
  Melee: Unarmed           ||    46
         Headbutt          ||     8
         Punch             ||     2
   Cast: Sting             ||    14
    Use: Potion            ||     1
 Armour: Robe              ||    41
  Dodge: Dodged            ||    45

Table legend: (Time is in decaauts)
 A = Elapsed time spent in this place.
 B = Non-inter-level travel time spent in this place.
 C = Inter-level travel time spent in this place.
 D = Time resting spent in this place.
 E = Time spent auto-exploring this place.
 F = Levels seen in this place.
 G = Mean time per level.
                   A        B        C        D        E       F      G
               +--------+--------+--------+--------+--------+-----+--------+
         Total |    543 |    533 |     10 |    159 |    201 |   2 |  271.5 |
       Dungeon |    543 |    533 |     10 |    159 |    201 |   2 |  271.5 |
               +--------+--------+--------+--------+--------+-----+--------+

Top non-repeatable levels by time:
     D:1: 469 daAuts
     D:2: 74 daAuts
